Map: [ESL] Royal Blood

Players

DnS - Winner!

  • Race: Protoss Protoss
  • Spawn Location: 1:00

Kas

  • Race: Terran Terran
  • Spawn Location: 7:00

Event: ESL SC2 Masters 2023 Summer (Regionals)

VOD

Have the link to the VOD?

Description

Time

  • Played on: May 11, 2023, 9:56 a.m.
  • Length: 12:05

All games in this series

Show
View Real Time Build Order
Export as new Build Order

DnS Protoss - Winner!

Build Orders: 1 Gate Expand, Phoenix Opening, Colossus Rush 

Get SALT Encoding   

  12  0:00  Probe  
  13  0:12  Probe  
  14  0:18  Pylon  
  14  0:24  Probe (Chrono Boost)  
  15  0:37  Probe (Chrono Boost), Gateway  
  16  0:44  Probe (Chrono Boost)  
  16  0:45  Assimilator  
  17  0:51  Probe  
  18  1:03  Probe  
  19  1:15  Probe  
  20  1:24  Cybernetics Core  
  20  1:36  Nexus  
  20  1:41  Pylon  
  20  1:44  Probe  
  21  1:54  Assimilator  
  21  1:56  Probe  
  21  2:00  Adept (Chrono Boost)  
  24  2:08  Probe  
  24  2:16  Stargate  
  24  2:21  Probe, Adept (Chrono Boost)  
  27  2:31  Warp Gate  
  27  2:33  Probe  
  28  2:48  Probe x2 (Chrono Boost)  
  32  2:58  Probe (Chrono Boost)  
  32  3:01  Probe (Chrono Boost)  
  32  3:02  Phoenix  
  32  3:03  Probe (Chrono Boost)  
  35  3:09  Probe  
  35  3:12  Adept  
  38  3:14  Probe (Chrono Boost)  
  37  3:26  Probe (Chrono Boost)  
  37  3:27  Probe (Chrono Boost), Robotics Facility  
  39  3:31  Phoenix  
  42  3:34  Probe (Chrono Boost)  
  42  3:35  Probe (Chrono Boost)  
  42  3:40  Pylon  
  43  3:43  Assimilator  
  43  3:45  Probe x2  
  43  3:46  Assimilator  
  44  3:57  Probe  
  44  3:59  Phoenix (Chrono Boost)  
  44  4:00  Probe  
  47  4:09  Probe  
  48  4:12  Gateway  
  48  4:14  Probe  
  49  4:19  Robotics Bay  
  49  4:24  Probe  
  50  4:27  Probe  
  51  4:34  Phoenix, Pylon, Observer  
  54  4:45  Pylon  
  54  4:52  Probe x2  
  56  5:00  Nexus  
  56  5:02  Pylon  
  56  5:04  Probe x2  
  58  5:08  Colossus (Chrono Boost)  
  58  5:14  Sentry  
  66  5:16  Probe x2  
  68  5:21  Extended Thermal Lance  
  68  5:27  Phoenix  
  70  5:29  Probe  
  70  5:30  Probe  
  72  5:38  Pylon  
  72  5:41  Probe  
  72  5:42  Probe  
  74  5:53  Colossus (Chrono Boost)  
  74  5:55  Twilight Council  
  74  5:56  Forge  
  80  5:58  Probe  
  80  6:01  Probe  
  82  6:04  Shield Battery  
  82  6:09  Sentry x2  
  86  6:11  Probe  
  86  6:12  Probe  
  86  6:13  Probe  
  86  6:18  Phoenix  
  91  6:23  Probe, Protoss Ground Weapons Level 1 (Chrono Boost)  
  91  6:24  Probe  
  93  6:28  Probe  
  93  6:30  Charge (Chrono Boost)  
  93  6:31  Gateway  
  93  6:32  Gateway  
  94  6:35  Probe  
  94  6:39  Probe  
  97  6:47  Probe  
  97  6:50  Phoenix  
  99  6:56  Gateway  
  99  6:57  Gateway  
  99  6:59  Probe  
  100  7:02  Gateway  
  100  7:03  Gateway  
  100  7:07  Pylon  
  100  7:10  Pylon  
  99  7:17  Pylon  
  99  7:20  Gateway  
  99  7:22  Gateway, Colossus (Chrono Boost)  
  99  7:24  Pylon  
  99  7:28  Zealot x2  
  99  7:29  Zealot x2  
  113  7:36  Shield Battery  
  113  7:37  Phoenix, Shield Battery  
  113  7:39  Probe x2  
  113  7:42  Probe  
  116  7:49  Templar Archives  
  116  7:50  Assimilator x2  
  116  7:53  Stalker x2  
  116  7:54  Zealot  
  122  8:03  Protoss Ground Weapons Level 2 (Chrono Boost)  
  120  8:09  Observer (Chrono Boost)  
  120  8:12  Zealot x5  
  131  8:20  Blink  
  131  8:23  Pylon  
  131  8:24  Pylon  
  131  8:26  Warp Prism (Chrono Boost)  
  133  8:27  Pylon  
  133  8:42  High Templar x2  
  133  8:43  Zealot x6  
  133  8:46  Probe  
  133  8:47  Archon  
  150  8:54  Pylon  
  150  8:55  Pylon  
  150  8:57  Observer  
  150  8:58  Nexus  
  150  8:59  Pylon  
  142  9:07  High Templar  
  142  9:08  High Templar, Stalker x2  
  150  9:12  Archon  
  148  9:23  Disruptor (Chrono Boost)  
  148  9:28  Probe x3  
  154  9:35  Dark Shrine  
  154  9:37  Robotics Facility  
  154  9:39  Forge  
  154  9:40  Shield Battery  
  154  9:43  Photon Cannon  
  153  9:50  High Templar x2, Stalker x2  
  153  9:52  Probe x3  
  164  9:55  Photon Cannon  
  164  9:56  Archon  
  164  9:58  Disruptor (Chrono Boost)  
  166  10:17  Zealot x8  
  166  10:21  Disruptor (Chrono Boost)  
  180  10:25  Disruptor (Chrono Boost)  
  178  10:38  Stalker  
  178  10:39  Stalker x2  
  178  10:42  Zealot x6  
  186  10:51  Dark Templar  
  186  10:53  Disruptor  
  191  10:57  Pylon  
  191  11:02  Zealot x3  
  195  11:16  Nexus  
  188  11:23  Zealot x6  
  181  11:29  Disruptor (Chrono Boost)  
  181  11:30  Zealot x3  
  150  11:50  Zealot x8  
  135  12:04  Pylon  
Show
View Real Time Build Order
Export as new Build Order

Kas Terran 

Build Orders: Reaper Expand 

Get SALT Encoding   

  12  0:00  SCV  
  13  0:12  SCV  
  14  0:16  Supply Depot  
  14  0:24  SCV  
  15  0:38  SCV  
  15  0:41  Barracks  
  16  0:43  Refinery  
  16  0:50  SCV  
  17  1:02  SCV  
  18  1:14  SCV  
  19  1:28  Orbital Command, Reaper  
  20  1:39  Command Center  
  20  1:48  Supply Depot  
  20  1:54  SCV  
  20  2:00  Marine  
  22  2:06  SCV  
  23  2:10  Factory  
  23  2:17  Bunker  
  23  2:18  SCV  
  23  2:20  Refinery  
  24  2:23  Barracks Reactor  
  24  2:30  SCV  
  25  2:43  SCV  
  26  2:52  Orbital Command  
  26  2:55  SCV  
  27  3:00  Marine  
  27  3:04  Hellion  
  29  3:07  SCV  
  30  3:18  SCV  
  30  3:19  SCV  
  31  3:20  Marine x2  
  31  3:23  Starport  
  33  3:30  SCV  
  33  3:31  SCV  
  35  3:38  Widow Mine, Marine x2  
  39  3:42  SCV  
  39  3:43  SCV  
  41  3:54  SCV  
  41  3:55  SCV  
  41  3:56  Marine  
  41  4:01  Factory Tech Lab, Viking  
  44  4:06  SCV, Supply Depot  
  44  4:07  SCV  
  44  4:09  Barracks  
  45  4:11  Marine  
  46  4:24  Supply Depot  
  46  4:28  Marine, Cyclone, SCV x2  
  46  4:29  Barracks  
  52  4:31  Marine  
  53  4:39  Supply Depot  
  53  4:40  SCV  
  53  4:44  Supply Depot  
  54  4:46  SCV, Viking  
  54  4:47  Marine  
  54  4:52  SCV  
  59  4:54  Engineering Bay  
  59  4:55  Barracks Tech Lab  
  59  4:58  SCV  
  60  5:04  SCV  
  61  5:09  Marine x2, Factory Reactor  
  61  5:10  SCV  
  61  5:12  Refinery  
  64  5:15  Stimpack, Marine  
  64  5:16  SCV, Viking  
  68  5:23  Terran Infantry Weapons Level 1  
  68  5:24  Supply Depot  
  68  5:26  Supply Depot  
  68  5:28  Marine x2  
  70  5:29  Combat Shield  
  70  5:30  Marauder  
  70  5:31  SCV  
  70  5:32  SCV  
  70  5:34  Marauder  
  76  5:41  Refinery  
  76  5:43  SCV  
  76  5:45  Marine  
  76  5:46  Widow Mine x2, Marine  
  83  5:50  Starport Reactor  
  83  5:51  SCV  
  83  5:56  Command Center  
  83  6:06  Supply Depot  
  83  6:07  Marauder  
  83  6:10  Marine x2  
  87  6:12  Widow Mine x2  
  87  6:13  Marauder  
  87  6:15  SCV  
  94  6:28  Marine x2, Marauder  
  94  6:30  SCV, Medivac  
  101  6:35  Supply Depot  
  101  6:36  SCV  
  101  6:38  Supply Depot  
  102  6:46  Supply Depot  
  102  6:47  SCV  
  102  6:49  Medivac  
  101  6:55  Concussive Shells  
  101  6:57  SCV, Marine x2, Marauder  
  101  6:58  Marauder  
  101  6:59  SCV  
  109  7:03  Barracks  
  109  7:05  Barracks  
  109  7:07  Orbital Command  
  109  7:10  Medivac  
  109  7:13  SCV  
  109  7:15  Marine x2  
  114  7:20  SCV, Terran Infantry Armor Level 1  
  114  7:22  Supply Depot  
  115  7:24  Marauder, Supply Depot  
  115  7:25  SCV  
  115  7:28  Widow Mine, Marauder  
  122  7:31  Viking  
  122  7:32  SCV  
  122  7:34  Orbital Command  
  125  7:39  Marine x2  
  125  7:43  SCV  
  128  7:45  SCV  
  128  7:46  Marauder  
  128  7:49  Supply Depot  
  128  7:50  Widow Mine  
  133  7:53  Barracks Reactor, Barracks Tech Lab  
  127  8:10  Marauder x2  
  127  8:11  Viking x2  
  127  8:12  SCV x2  
  131  8:14  SCV  
  131  8:16  Missile Turret  
  132  8:20  Ghost Academy  
  132  8:22  Marauder  
  132  8:23  Marine  
  132  8:25  SCV  
  132  8:26  SCV  
  137  8:31  Marine  
  137  8:32  Marine, Marauder  
  141  8:37  Marauder  
  141  8:43  Viking x2  
  141  8:45  SCV x3  
  148  8:49  Marauder  
  148  8:52  Refinery  
  148  8:53  Marauder  
  148  8:54  Supply Depot  
  152  8:57  Supply Depot  
  152  8:59  Supply Depot  
  152  9:13  Viking x2  
  156  9:19  Ghost x2  
  156  9:20  Ghost  
  156  9:21  Marine x3  
  156  9:22  Marine  
  156  9:23  SCV  
  167  9:24  Supply Depot  
  167  9:25  Supply Depot  
  167  9:27  SCV x2, Refinery  
  169  9:35  SCV  
  166  9:39  Marine, Command Center  
  167  9:46  Viking x2  
  167  9:48  Ghost  
  171  9:53  Armory  
  171  9:54  Marauder x2  
  171  9:55  Engineering Bay  
  171  9:56  Marine x2  
  177  10:12  Marine x2  
  183  10:14  Widow Mine x2  
  183  10:15  Marauder x2  
  183  10:17  Marauder  
  183  10:20  Marine x2  
  185  10:33  SCV  
  179  10:38  SCV  
  178  10:46  Marine x3, Marauder x2  
  178  10:48  Marauder  
  178  10:49  Medivac x2  
  191  10:50  SCV x2  
  191  10:52  SCV  
  194  11:02  SCV  
  195  11:08  Marauder  
  195  11:10  SCV  
  194  11:14  SCV  
  149  11:33  SCV x2  
  149  11:35  Missile Turret  
  118  11:50  SCV  
Tags
 
Add a new tag
Caveats
  • Supply blocks, unpowered buildings, or Contaminate may cause inaccurate times.
  • Supply counts are checked every 10 seconds.